 Dungeon Crawl Stone Soup version 0.13-a0-1775-g6c024ba (webtiles) character file.

6982 Kae the Frost Mage (level 10, -10/52 HPs)
             Began as a Deep Elf Ice Elementalist on June 23, 2013.
             Was a High Priest of Nemelex Xobeh.
             Mangled by a yak (17 damage)
             ... on Level 2 of the Lair of Beasts on June 24, 2013.
             The game lasted 00:44:55 (11535 turns).

Kae the Frost Mage (Deep Elf Ice Elementalist)     Turns: 11535, Time: 00:44:55

HP -10/52        AC  0     Str  3      XL: 10   Next: 70%
MP   2/29        EV 26     Int 21      God: Nemelex Xobeh [*****.]
Gold 409         SH  0     Dex 20      Spells:  5 memorised, 12 levels left

Res.Fire  : . . .   See Invis. : .   (weapon currently unavailable)
Res.Cold  : . . .   Warding    : .   a - melded +0 elf robe (curse)
Life Prot.: . . .   Conserve   : .   (shield currently unavailable)
Res.Poison: .       Res.Corr.  : .   (helmet currently unavailable)
Res.Elec. : .       Clarity    : .   O - melded +2 cloak
Sust.Abil.: . .     Spirit.Shd : .   h - melded +1 pair of gauntlets {Dex+3}
Res.Mut.  : .       Stasis     : .   (boots currently unavailable)
Res.Rott. : .       Flight     : +   n - cursed amulet of the gourmand
Gourmand  : +                        B - melded cursed +4,+4 ring of slaying
                                     y - melded cursed +4 ring of protection

@: bat-form, overloaded, flying, quick, somewhat resistant to hostile
enchantments, unstealthy
A: no striking features
a: End Transformation, Draw One, Peek at Two, Triple Draw, Deal Four, Stack
Five, Renounce Religion


You were on level 2 of the Lair of Beasts.
You worshipped Nemelex Xobeh.
Nemelex Xobeh was exalted by your worship.
You were overloaded with stuff.
You were very full.
You were in bat-form.
You visited 3 branches of the dungeon, and saw 12 of its levels.
You also visited: Ossuary.

You collected 809 gold pieces.
You spent 420 gold pieces at shops.

Inventory:

Missiles
 w - a dart (quivered)
Armour
 a - a cursed +0 elven robe (melded)
 h - a +1 pair of gauntlets of dexterity (melded)
 O - a +2 cloak (melded)
Magical devices
 E - a wand of polymorph (16) {unknown}
 H - a wand of random effects (7) {unknown}
 T - a wand of polymorph (20) {unknown}
Comestibles
 C - 5 meat rations
 L - 2 chokos
 N - a bread ration
 Q - a pear
Scrolls
 d - 6 scrolls of identify
 f - 3 scrolls of amnesia
 i - 11 scrolls of teleportation
 l - a scroll of enchant weapon III
 p - a scroll of fear
 q - 2 scrolls of fog
 s - 4 scrolls of remove curse
 I - a scroll of summoning
 K - a scroll of immolation
 R - a scroll of blinking
Jewellery
 n - a cursed amulet of the gourmand (around neck)
 t - a +3 ring of strength
 y - a cursed +4 ring of protection (melded)
 B - a cursed +4,+4 ring of slaying (melded)
 G - a cursed ring of teleportation
 J - an uncursed amulet of resist mutation
 S - an uncursed amulet of faith {unknown}
Potions
 c - 6 potions of curing
 e - a potion of mutation {unknown}
 g - a potion of confusion
 j - 3 potions of flight
 k - 5 potions of speed
 m - 2 potions of might
 o - 3 potions of invisibility
 r - 2 potions of resistance
 v - 2 potions of heal wounds
 x - a potion of brilliance
 A - a potion of agility
 D - 2 potions of restore abilities {unknown}
 F - 2 potions of berserk rage {unknown}
 P - a potion of poison {unknown}
Books
 b - a book of Frost

   Spells                             Type                      Level
   *Freeze                            Ice                          1
   *Throw Frost                       Conjuration/Ice              2
   *Ozocubu's Armour                  Charms/Ice                   3
   *Throw Icicle                      Conjuration/Ice              4
   *Summon Ice Beast                  Ice/Summoning                4
   Condensation Shield                Ice                          4
Miscellaneous
 u - a plain deck of escape {drawn: 3}
 z - a plain deck of escape {drawn: 2}
 M - a legendary deck of summonings {drawn: 2}


   Skills:
 + Level 2.8 Fighting
 * Level 6.2 Dodging
 - Level 2.4 Stealth
 + Level 8.8 Spellcasting
 * Level 10.4 Conjurations
 + Level 4.8 Charms
 + Level 1.0 Summonings
 * Level 10.9 Ice Magic


You had 12 spell levels left.
You knew the following spells:

 Your Spells              Type           Power        Failure   Level  Hunger
a - Freeze                Ice            ####         1%          1    None
b - Throw Frost           Conj/Ice       ######       2%          2    None
c - Throw Icicle          Conj/Ice       ######..     4%          4    ###....
d - Ozocubu's Armour      Chrm/Ice       #####.....   4%          3    None
e - Summon Ice Beast      Ice/Summ       ####......   21%         4    ###....


Dungeon Overview and Level Annotations

Branches:
Dungeon (9/27)             Temple (1/1) D:6             Orc (0/4) D:7
   Lair (2/8) D:8

Altars:
Ashenzari
Nemelex Xobeh
Beogh

Shops:
D:6: ? D:8: *

Annotations
D:6 Menkaure
D:7 Joseph
Lair:1 exclusion: downstairs


Message History

Your cursed +4 ring of protection melds into your body.
Your cursed +4,+4 ring of slaying melds into your body.
You are being crushed by all of your possessions.
The jackal closely misses you. The yak misses you.
You hit the yak but do no damage.
The yak is heavily wounded.
The jackal completely misses you.
You hit the yak but do no damage.
The yak is heavily wounded.
The yak barely misses you. The yak closely misses you.
You hit the yak but do no damage.
The yak is heavily wounded.
The jackal misses you. The yak gores you!
* * * LOW HITPOINT WARNING * * *
You hit the yak but do no damage.
The yak is moderately wounded.
The jackal completely misses you. The yak gores you!
You die...
Your body glows with a rainbow of weird colours and disappears.

#..#.. # #.... ). ##.#.
#... .# #...# ##.. .#
##..# ##.#.. #.#####...#
#.....### #....###.^.
.......YP# #...## #...
.......hb#######...###..#
....P.###Y..#......##...#
... #................ .
##...............
##..............
#.............##
#..###.##f#..### #.P#
######....# #.## ###.##


You could see 2 yaks and a jackal.

Vanquished Creatures
  Pikel (D:7)
  A black mamba (Lair:2)
  A spiny frog (Lair:2)
  A komodo dragon (Lair:1)
  A basilisk (Lair:1)
  4 yaks (Lair:2)
  Eustachio (D:7)
  3 war dogs (Lair:1)
  A necrophage (D:6)
  A hungry ghost (D:7)
  Edmund (D:7)
  8 orc warriors
  2 slaves (D:7)
  4 sky beasts
  3 ogres
  3 phantoms
  A centaur (D:4)
  Sigmund (D:3)
  8 giant frogs
  A water moccasin (Lair:2)
  2 agate snails (Lair:1)
  A giant frog zombie (D:7)
  A big kobold zombie (Ossuary)
  5 crimson imps
  6 hounds
  2 scorpions
  4 orc priests
  A porcupine (Lair:2)
  6 orc wizards
  A worker ant (D:4)
  2 jellies
  Terence (D:3)
  10 mummies (Ossuary)
  14 adders
  A scorpion zombie (D:5)
  4 worms
  5 giant geckos
  An ooze (D:2)
  36 orcs
  2 ball pythons
  3 giant cockroaches
  8 goblins
  12 hobgoblins
  20 jackals
  4 quokkas
  16 bats
  3 giant newts
  A hobgoblin zombie (Ossuary)
  9 kobolds
  4 kobold zombies (Ossuary)
  2 orc skeletons
  2 orc zombies (Ossuary)
  14 rats
  A rat zombie (D:5)
251 creatures vanquished.

Vanquished Creatures (collateral kills)
  A hydra (Lair:1)
  3 war dogs (Lair:1)
  An ice beast (D:6)
  3 jackals (Lair:1)
8 creatures vanquished.

Vanquished Creatures (others)
  A dancing weapon (Lair:1)
  2 slaves (D:7)
  A scorpion (D:7)
  Ijyb (D:7)
  3 orcs (D:7)
  2 goblins
  A hobgoblin (D:4)
  3 giant newts
  3 rats
17 creatures vanquished.

Grand Total: 276 creatures vanquished

Notes
Turn   | Place    | Note
--------------------------------------------------------------
     0 | D:1      | Kae, the Deep Elf Ice Elementalist, began the quest for the Orb.
     0 | D:1      | Reached XP level 1. HP: 10/10 MP: 4/4
   315 | D:1      | Reached XP level 2. HP: 9/15 MP: 4/6
   319 | D:1      | Learned a level 2 spell: Throw Frost
   449 | D:1      | Found a sparkling altar of Nemelex Xobeh.
   465 | D:1      | Became a worshipper of Nemelex Xobeh
   536 | D:1      | Received a gift from Nemelex Xobeh
   946 | D:2      | Reached skill level 4 in Ice Magic
  1327 | D:2      | Reached XP level 3. HP: 16/19 MP: 7/9
  1856 | D:2      | Acquired Nemelex Xobeh's first power
  2120 | D:3      | Noticed an ogre
  2124 | D:3      | Killed an ogre
  2124 | D:3      | Reached XP level 4. HP: 24/24 MP: 11/13
  2124 | D:3      | Reached XP level 5. HP: 28/28 MP: 12/15
  2173 | D:3      | Noticed Sigmund
  2178 | D:3      | Received a gift from Nemelex Xobeh
  2184 | D:3      | Killed Sigmund
  2184 | D:3      | Reached skill level 5 in Ice Magic
  2264 | D:3      | Acquired Nemelex Xobeh's second power
  2383 | D:3      | Noticed Terence
  2385 | D:3      | Received a gift from Nemelex Xobeh
  2388 | D:3      | Killed Terence
  2625 | D:3      | Reached XP level 6. HP: 24/32 MP: 7/18
  2690 | D:3      | Received a gift from Nemelex Xobeh
  3374 | D:4      | Reached skill level 6 in Ice Magic
  3433 | D:4      | Acquired Nemelex Xobeh's third power
  3435 | D:4      | Reached skill level 5 in Conjurations
  3435 | D:4      | Reached XP level 7. HP: 18/36 MP: 14/21
  3582 | D:4      | Received a gift from Nemelex Xobeh
  3893 | D:4      | Received a gift from Nemelex Xobeh
  4216 | D:5      | Entered Level 5 of the Dungeon
  4538 | D:5      | Acquired Nemelex Xobeh's fourth power
  4874 | D:6      | Reached skill level 5 in Spellcasting
  4907 | D:6      | Reached skill level 7 in Ice Magic
  4933 | D:6      | Found a sand-covered staircase.
  5017 | Ossuary  | Entered an ossuary
  5060 | Ossuary  | Learned a level 4 spell: Throw Icicle
  5256 | Ossuary  | Reached XP level 8. HP: 28/41 MP: 3/23
  5946 | D:6      | Found a staircase to the Ecumenical Temple.
  5952 | Temple   | Entered the Ecumenical Temple
  5965 | D:6      | Found Leasacen's Magic Scroll Boutique.
  6090 | D:6      | Received a gift from Nemelex Xobeh
  6093 | D:6      | Bought a scroll of identify for 24 gold pieces
  6093 | D:6      | Bought a scroll of identify for 24 gold pieces
  6093 | D:6      | Bought a scroll of enchant weapon III for 240 gold pieces
  6093 | D:6      | Bought 3 scrolls of teleportation for 108 gold pieces
  6116 | D:6      | Learned a level 3 spell: Ozocubu's Armour
  6121 | D:6      | Learned a level 4 spell: Summon Ice Beast
  6370 | D:6      | Reached skill level 8 in Ice Magic
  6476 | D:6      | Noticed Menkaure
  6872 | D:7      | Noticed Pikel
  7121 | D:7      | Killed Pikel
  7121 | D:7      | Reached XP level 9. HP: 23/45 MP: 16/26
  7455 | D:7      | Reached skill level 9 in Ice Magic
  7593 | D:7      | Killed Ijyb
  7671 | D:7      | Found a roughly hewn altar of Beogh.
  7686 | D:7      | Found a staircase to the Orcish Mines.
  7699 | D:7      | Acquired Nemelex Xobeh's fifth power
  7699 | D:7      | Received a gift from Nemelex Xobeh
  8201 | D:7      | Noticed Eustachio
  8239 | D:7      | Killed Eustachio
  8420 | D:7      | Noticed Edmund
  8452 | D:7      | Killed Edmund
  8699 | D:7      | Noticed Joseph
  8860 | D:7      | Reached skill level 1 in Fighting
  8860 | D:7      | Reached skill level 1 in Charms
  9254 | D:7      | Reached skill level 10 in Ice Magic
  9263 | D:7      | Received a gift from Nemelex Xobeh
  9436 | D:8      | Found a staircase to the Lair.
  9541 | D:8      | Found a shattered altar of Ashenzari.
  9806 | D:8      | Found Binlua's Assorted Antiques.
  9818 | D:8      | Bought a sedimented blue potion for 24 gold pieces
  9954 | Lair:1   | Entered Level 1 of the Lair of Beasts
 10229 | Lair:1   | Reached XP level 10. HP: 50/52 MP: 17/29
 10297 | Lair:1   | Noticed a seven-headed hydra
 10368 | Lair:1   | Killed a seven-headed hydra
 10374 | Lair:1   | Reached skill level 5 in Dodging
 10667 | Lair:1   | Reached skill level 10 in Conjurations
 10900 | Lair:2   | Noticed a six-headed hydra
 11131 | Lair:2   | Noticed a black mamba
 11141 | Lair:2   | Killed a black mamba
 11522 | Lair:2   | Reached skill level 1 in Summonings
 11535 | Lair:2   | Mangled by a yak

Action                   |  1- 3 |  4- 6 |  7- 9 | 10-12 || total
-------------------------+-------+-------+-------+-------++-------
Melee: Unarmed           |     3 |       |    31 |     5 ||    39
Throw: Dart              |       |     1 |       |       ||     1
 Cast: Freeze            |    60 |    57 |   205 |   115 ||   437
       Throw Frost       |     1 |    11 |   157 |    22 ||   191
       Throw Icicle      |       |       |    40 |       ||    40
       Summon Ice Beast  |       |       |     1 |       ||     1
       Ozocubu's Armour  |       |       |     1 |       ||     1
Invok: Draw One          |       |       |    11 |     2 ||    13
Evoke: Deck              |     2 |    22 |    25 |     2 ||    51
  Use: Potion            |     2 |       |     5 |       ||     7
       Scroll            |       |       |    23 |     3 ||    26
 Stab: Sleeping          |       |       |     1 |       ||     1
       Distracted        |       |       |     1 |       ||     1
